 Dungeon Crawl Stone Soup version 0.29.1-1-gd02db6906a (console) character file.

Game seed: 12881406696756441718

42 om the Poker (level 3, -2/30 HPs)
             Began as a Merfolk Berserker on Sept 27, 2022.
             Was a Follower of Trog.
             Succumbed to a goblin's poison
             ... on level 2 of the Dungeon.
             The game lasted 00:02:06 (1531 turns).

om the Poker (Merfolk Berserker)                    Turns: 1531, Time: 00:02:07

Health: -2/30      AC:  5    Str: 17    XL:     3   Next: 54%
Magic:  3/3        EV: 13    Int:  6    God:    Trog [*.....]
Gold:   66         SH:  0    Dex: 15    Spells: 2/2 levels left

rFire   . . .      SeeInvis .   a - +0 spear
rCold   . . .      Faith    .   (no shield)
rNeg    . . .      Spirit   .   f - +0 troll leather armour
rPois   .          Reflect  .   (no helmet)
rElec   .          Harm     .   i - +0 cloak
rCorr   .          Rampage  .   (no gloves)
Will    .....                   (no boots)
Stlth   +.........              (no amulet)
HPRegen 0.90/turn               (no ring)
MPRegen 0.08/turn               (no ring)

@: lethally poisoned (-2 -> -10), about to teleport, hasted, very quick
A: (nimble swimmer 2), mertail
a: Renounce Religion, Berserk


You were on level 2 of the Dungeon.
You worshipped Trog.
Trog was aware of your devotion.
You visited 1 branch of the dungeon, and saw 2 of its levels.

You collected 66 gold pieces.

Inventory:

Hand Weapons
 a - a +0 spear (weapon)
Armour
 f - a +0 troll leather armour (worn)
 i - a +0 cloak (worn)
Potions
 g - a potion of mutation {unknown}
 h - a potion of curing {unknown}


   Skills:
 + Level 3.7 Fighting
 + Level 4.5 Polearms
 + Level 1.8 Armour
 + Level 3.4 Dodging


You had 2 spell levels left.
You didn't know any spells.
Your spell library was empty.

Dungeon Overview and Level Annotations

Branches:
Dungeon (2/15)

Altars:

Annotations:
D:2 Robin


Innate Abilities, Weirdness & Mutations

((You are very nimble when in or above water. (Stealth+, EV+, Speed+++)))
Your lower body shifts to a powerful aquatic tail in water.


Message History

You hear a shout!
The goblin shouts!
You hear a shout! x2
A hobgoblin comes into view.
The hobgoblin shouts!
You hear a shout! x3
You hear a shout!
You closely miss the goblin.
A goblin comes into view. It is wielding a +0 club.
The goblin hits you with a +0 dagger of venom.
You are poisoned.
You hit the goblin.
The goblin is heavily wounded.
You feel sick.
A goblin comes into view. It is wielding a +0 club.
The goblin hits you with a +0 dagger of venom.
The hobgoblin barely misses you.
You closely miss the goblin.
The goblin is heavily wounded.
You feel sick.
The goblin hits you with a +0 dagger of venom.
You are more poisoned.
The hobgoblin barely misses you. The goblin attacks as you move away!
The goblin completely misses you.
You feel sick.
You feel sick.
Robin of the Strong Arm comes into view.
They are wielding a +0 spear.
You feel sick. The goblin hits you but does no damage.
You are more poisoned.
You feel very sick. The goblin attacks as you move away!
The goblin hits you but does no damage.
You are more poisoned.
You feel very sick.
As you read the scroll of teleportation, it crumbles to dust.
You feel strangely unstable.
You feel very sick. The goblin hits you but does no damage.
You are lethally poisoned!
* * * LOW HITPOINT WARNING * * *
You feel very sick.
* * * LOW HITPOINT WARNING * * *
You feel very sick.
It was a potion of haste.
You feel yourself speed up.
You die...

.. #.......
#...........# #.#
#.##......
#########.######.##
.##......
................#
)#.....#
#######.#########
#.#...g.# #.#
#.......## ##.#
###....gg##
#####..# #.###...#
#####.....## #
#.#g###.g@..#####
#.#..##g#####
#....gg.# ####..###
#.## #># ###


You could see 2 hobgoblins and 2 goblins.

Vanquished Creatures
  2 adders (D:2)
  A dart slug (D:2)
  2 endoplasms (D:1)
  6 goblins
  2 hobgoblins (D:1)
  3 kobolds (D:1)
  A quokka (D:1)
  A ball python (D:1)
  A frilled lizard (D:1)
  2 rats (D:1)
21 creatures vanquished.

Notes
Turn   | Place    | Note
-------+----------+-------------------------------------------
     0 | D:1      | om the Merfolk Berserker began the quest for the Orb.
     0 | D:1      | Reached XP level 1. HP: 18/18 MP: 1/1
   169 | D:1      | Reached XP level 2. HP: 24/24 MP: 2/2
   483 | D:1      | You fall into a shaft and drop 1 floor!
  1350 | D:2      | Reached XP level 3. HP: 30/30 MP: 3/3
  1524 | D:2      | Noticed Robin
  1531 | D:2      | Succumbed to a goblin's poison

Illustrated notes

Levels and vault maps discovered:
D:1:      minmay_arrival_three_doors, layout_basic, serial_co_window_serial,
          co_window_corner_a, co_window_paths_a, co_window_paths_b,
          co_window_paths_b, co_window_corner_a, co_window_unsneaky_path_b,
          co_window_unsneaky_path_a, co_window_cross_2, co_window_broadway_b,
          co_window_broadway_b, co_window_4corner_a
D:2:      layout_basic, uniq_sigmund, uniq_terence, uniq_jessica, uniq_robin

Skill      XL: |  1  2 |
---------------+-------+-----
Dodging        | 3 |  3.4
Fighting       | |  3.7
Polearms       | |  4.5
Armour         | |  1.8

Action                   || total
-------------------------++-------
Melee: Spear             ||    89
       Punch             ||     1
Invok: Berserk           ||     1
  Use: Scroll            ||     5
       Potion            ||     1
Armor: Animal skin       ||     1
       Troll leather arm ||     8
Dodge: Dodged            ||    49
